 Dungeon Crawl Stone Soup version 0.22-a0-143-g83aada6 (webtiles) character file.

13511 Dirtyleaf the Cleaver (level 11, -24/107 HPs)
             Began as a Minotaur Fighter on Feb 5, 2018.
             Was an Elder of Makhleb.
             Killed from afar by an orc sorcerer (35 damage)
             ... with a bolt of negative energy
             ... led by an orc knight
             ... on level 2 of the Orcish Mines.
             The game lasted 01:23:34 (12069 turns).

Dirtyleaf the Cleaver (Minotaur Fighter)           Turns: 12069, Time: 01:23:35

Health: -24/107    AC: 14    Str: 24    XL:     11   Next: 76%
Magic:  10/10      EV: 10    Int:  6    God:    Makhleb [****..]
Gold:   432        SH: 17    Dex: 14    Spells: 10/10 levels left

rFire    + . .     SeeInvis .   l - +0 war axe
rCold    . . .     Gourm    .   c - +0 shield
rNeg     . . .     Faith    .   S - +0 plate armour
rPois    .         Spirit   .   (helmet restricted)
rElec    .         Reflect  +   o - +0 cloak
rCorr    .         Harm     .   D - +0 pair of gloves
MR       .....                  u - +0 pair of boots
Stlth    ..........             i - +4 amulet of reflection
HPRegen  0.27/turn              A - ring of flight
MPRegen  0.12/turn              C - ring of protection from fire

@: agile, about to teleport, very slightly contaminated, drained, invisible
A: retaliatory headbutt, horns 2
a: Minor Destruction, Lesser Servant of Makhleb, Major Destruction, Renounce
Religion, Evoke Flight


You were on level 2 of the Orcish Mines.
You worshipped Makhleb.
Makhleb was greatly pleased with you.
You were full.

You visited 3 branches of the dungeon, and saw 13 of its levels.
You also visited: Ossuary.

You collected 855 gold pieces.
You spent 423 gold pieces at shops.

Inventory:

Hand Weapons
 d - a +0 war axe
 g - a +2 hand axe of electrocution
 l - a +0 war axe (weapon)
 n - a +0 battleaxe
 B - a +2 short sword
 R - a +0 morningstar of protection
Armour
 b - a +0 scale mail
 c - a +0 shield (worn)
 m - a +3 scale mail
 o - a +0 cloak (worn)
 u - a +0 pair of boots (worn)
 z - a +0 chain mail
 D - a +0 pair of gloves (worn)
 G - a +1 chain mail of magic resistance
 L - a +2 chain mail of poison resistance
 S - a +0 plate armour (worn)
Magical Staves
 E - an uncursed staff of fire
 M - an uncursed staff of energy
 N - an uncursed staff of conjuration
 P - an uncursed staff of air
Jewellery
 i - a +4 amulet of reflection (around neck)
 A - a ring of flight (left hand)
 C - a ring of protection from fire (right hand)
 U - a +2 amulet of reflection
Wands
 p - a wand of flame (53)
 T - a wand of random effects (26)
 V - a wand of digging (16)
Scrolls
 j - 6 scrolls of remove curse
 k - a scroll of magic mapping
 v - 2 scrolls of immolation
 x - a scroll of random uselessness
 y - 2 scrolls of enchant armour
 F - 2 scrolls of noise
 W - a scroll of fog
Potions
 e - a potion of agility
 h - 2 potions of magic
 q - a potion of lignification
 s - 3 potions of degeneration
 t - a potion of ambrosia
 Q - 2 potions of berserk rage {unknown}
Books
 a - a book of Clouds

   Spells                             Type                      Level
   a - Poisonous Vapours              Poison/Air                   2
   b - Mephitic Cloud                 Conjuration/Poison/Air       3
   c - Conjure Flame                  Conjuration/Fire             3
   d - Freezing Cloud                 Conjuration/Ice/Air          6
   e - Ring of Flames                 Charms/Fire                  7
 I - a book of Conjurations

   Spells                             Type                      Level
   a - Magic Dart                     Conjuration                  1
   b - Searing Ray                    Conjuration                  2
   c - Dazzling Spray                 Conjuration/Hexes            3
   d - Fulminant Prism                Conjuration/Hexes            4
   e - Force Lance                    Conjuration/Translocation    4
   f - Iskenderun's Mystic Blast      Conjuration                  4
 K - a book of Cantrips

   Spells                             Type                      Level
   a - Confusing Touch                Hexes                        1
   b - Animate Skeleton               Necromancy                   1
   c - Summon Small Mammal            Summoning                    1
   d - Apportation                    Translocation                1
Miscellaneous
 J - a phial of floods
 O - a crystal ball of energy
Comestibles
 f - 25 rations


   Skills:
 * Level 13.1(12.2) Fighting
 - Level 14.0(13.4) Axes
 - Level 4.3(9.5) Maces & Flails
 - Level 3.6(2.9) Armour
 + Level 11.5(10.7) Shields


You had 10 spell levels left.
You didn't know any spells.

Dungeon Overview and Level Annotations

Branches:
Dungeon (10/15)            Temple (1/1) D:6             Orc (2/2) D:10
   Lair: D:8-11         Elf: Orc:2

Altars:
Ashenzari
Cheibriados
Dithmenos
Elyvilon
Fedhas
Gozag
Hepliaklqana
Kikubaaqudgha
Makhleb
Nemelex Xobeh
Okawaru
Qazlal
Ru
Sif Muna
Trog
Uskayaw
Vehumet
Wu Jian
Xom
Yredelemnul
Zin
The Shining One
Beogh

Shops:
D:8 *   D:9 *   D:10 ?


Innate Abilities, Weirdness & Mutations

You reflexively headbutt those who attack you in melee.
You have a pair of horns on your head.


Message History

* * * LOW HITPOINT WARNING * * *
You are engulfed in flames.
You resist.
* * * LOW HITPOINT WARNING * * *
The orc sorcerer casts a spell.
You are very lightly contaminated with residual magic.
The orange demon screeches!
The sun demon disappears in a puff of smoke!
The orange demon screeches!
The orange demon screeches!
The orange demon screeches!
The orc sorcerer gestures at you while chanting.
The bolt of fire hits you! You resist.
* * * LOW HITPOINT WARNING * * *
You feel better.
Okay, then.
As you read the scroll of teleportation, it crumbles to dust.
You feel strangely unstable.
The orc sorcerer points at you and mumbles some strange words.
The bolt of negative energy hits you!
You feel drained.
You die...

............#......##
...........##......##
.........# #.......##
##.......####......<.#
#..).....#.#........## .
##...o.....##.......##
...#.....#.....#.....<##
........##.............#
.......4oo@........##.##
#.......##........#####
#.....#####.#....##
##...# #####.## #### ###


You could see an orc knight, an orange demon and an orc sorcerer.

Vanquished Creatures
  A catoblepas (D:8)
  The ghost of Buffagor the Carver, a novice NaFi of Okawaru (D:8)
  Pikel (D:5)
  3 orc knights (Orc:2)
  An ice statue (D:7)
  A gargoyle (D:8)
  A jumping spider (shapeshifter) (D:8)
  A hornet (D:8)
  Prince Ribbit (D:8)
  4 trolls
  2 hippogriffs
  A spriggan (D:8)
  9 yaks (D:9)
  A shadow (D:8)
  A basilisk (D:8)
  Menkaure (D:7)
  An ice beast (D:8)
  8 wargs
  A water moccasin (D:6)
  The ghost of Bugaboo the Shield-Bearer, an amateur TrFi (D:3)
  10 orc warriors
  2 sky beasts
  A black bear (D:7)
  A necrophage (D:6)
  6 ogres
  A phantom (D:8)
  An eye of draining (D:8)
  A centaur (D:6)
  A crocodile (D:7)
  3 big kobolds
  6 bullfrogs
  A water moccasin zombie (D:9)
  4 scorpions
  A water moccasin skeleton (D:8)
  A killer bee (D:8)
  3 wights (D:7)
  3 howler monkeys
  5 crimson imps
  6 jellies
  5 orc priests
  A centaur skeleton (D:8)
  3 hounds
  5 bullfrog skeletons
  6 iguanas
  7 orc wizards
  6 worker ants
  A hound zombie (D:8)
  2 hound skeletons
  3 mummies (Ossuary)
  2 worker ant zombies
  10 gnolls
  9 adders
  A shadow imp (D:6)
  7 adder zombies
  5 worms
  2 dart slugs
  7 leopard geckos
  59 orcs
  2 ball pythons
  4 bats
  5 giant cockroaches
  A gnoll zombie (Ossuary)
  7 goblins
  11 hobgoblins
  3 jackals (D:2)
  17 kobolds
  8 quokkas
  7 frilled lizards
  A goblin zombie (Ossuary)
  4 hobgoblin zombies (Ossuary)
  A kobold zombie (Ossuary)
  A leopard gecko skeleton (D:4)
  6 quokka zombies
  26 rats
  A rat zombie (Ossuary)
  2 plants (D:8)
346 creatures vanquished.

Notes
Turn   | Place    | Note
-------+----------+-------------------------------------------
     0 | D:1      | Dirtyleaf the Minotaur Fighter began the quest for the Orb.
     0 | D:1      | Reached XP level 1. HP: 19/19 MP: 0/0
     0 | D:1      | Upgraded the game from 0.22-a0-136-g83a10e5 to 0.22-a0-143-g83aada6
   135 | D:1      | Reached XP level 2. HP: 19/26 MP: 1/1
   719 | D:2      | Reached XP level 3. HP: 31/31 MP: 2/2
   747 | D:2      | Reached skill level 1 in Axes
  1200 | D:2      | Found a sparkling altar of Nemelex Xobeh.
  1204 | D:2      | Reached skill level 2 in Axes
  1626 | D:2      | Reached XP level 4. HP: 38/39 MP: 3/3
  1749 | D:3      | Reached skill level 3 in Axes
  1970 | D:3      | Reached skill level 4 in Axes
  2312 | D:3      | Reached XP level 5. HP: 45/45 MP: 4/4
  2331 | D:3      | Noticed Bugaboo's ghost (amateur TrFi)
  3178 | D:3      | Killed Bugaboo's ghost
  3178 | D:3      | Reached skill level 6 in Axes
  3316 | D:3      | Reached XP level 6. HP: 51/51 MP: 5/5
  4184 | D:4      | Reached skill level 7 in Axes
  4510 | D:4      | Reached skill level 8 in Axes
  4510 | D:4      | Reached XP level 7. HP: 38/57 MP: 6/6
  4918 | D:5      | Entered Level 5 of the Dungeon
  4967 | D:5      | Reached skill level 9 in Axes
  5006 | D:5      | Found a sand-covered staircase.
  5014 | Ossuary  | Entered an ossuary
  5608 | D:5      | Reached skill level 10 in Axes
  5637 | D:5      | Noticed Pikel
  5644 | D:5      | Killed Pikel
  5644 | D:5      | Reached skill level 11 in Axes
  5644 | D:5      | Reached XP level 8. HP: 49/64 MP: 7/7
  5959 | D:6      | Found a staircase to the Ecumenical Temple.
  6005 | Temple   | Entered the Ecumenical Temple
  6339 | Temple   | Became a worshipper of Makhleb the Destroyer
  6520 | D:6      | Found an iron altar of Okawaru.
  6556 | D:6      | Reached skill level 12 in Axes
  6606 | D:6      | Noticed a troll
  6621 | D:6      | Killed a troll
  6621 | D:6      | Reached skill level 13 in Axes
  6621 | D:6      | Reached XP level 9. HP: 41/70 MP: 8/8
  6667 | D:6      | Reached * piety under Makhleb
  7727 | D:7      | Reached skill level 14 in Axes
  8068 | D:7      | Reached skill level 5 in Shields
  8202 | D:7      | Reached skill level 5 in Fighting
  8220 | D:7      | Noticed an ice statue
  8380 | D:7      | Killed an ice statue
  8568 | D:7      | Noticed Menkaure
  8577 | D:7      | Killed Menkaure
  9061 | D:8      | Found Udoyfirph's Assorted Antiques.
  9084 | D:8      | Bought a scroll of identify for 54 gold pieces
  9084 | D:8      | Bought a scroll labeled VYGOYLUOLY for 27 gold pieces
  9084 | D:8      | Bought 2 potions of curing for 162 gold pieces
  9116 | D:8      | Noticed a catoblepas
  9127 | D:8      | Killed a catoblepas
  9127 | D:8      | Reached XP level 10. HP: 86/86 MP: 9/9
  9209 | D:8      | Reached ** piety under Makhleb
  9306 | D:8      | Noticed a gargoyle
  9326 | D:8      | Killed a gargoyle
  9331 | D:8      | Noticed Prince Ribbit
  9343 | D:8      | Killed Prince Ribbit
  9393 | D:8      | Noticed Buffagor's ghost (novice NaFi)
  9415 | D:8      | Killed Buffagor's ghost
  9415 | D:8      | Reached skill level 10 in Fighting
  9748 | D:8      | Reached XP level 11. HP: 101/101 MP: 10/10
  9992 | D:9      | Reached *** piety under Makhleb
 10004 | D:9      | Reached skill level 10 in Shields
 10583 | D:9      | Found Somit's Assorted Antiques.
 10687 | D:10     | Entered Level 10 of the Dungeon
 10776 | D:10     | Found Fuos Box's Magic Scroll Emporium.
 10786 | D:10     | Bought a scroll of enchant armour for 90 gold pieces
 10786 | D:10     | Bought a scroll of enchant armour for 90 gold pieces
 10953 | D:10     | Found a staircase to the Orcish Mines.
 10973 | D:10     | Reached **** piety under Makhleb
 11013 | Orc:1    | Entered Level 1 of the Orcish Mines
 11068 | Orc:1    | You fall through a shaft!
 11068 | Orc:2    | Entered Level 2 of the Orcish Mines
 11195 | Orc:2    | Noticed an orc knight
 11208 | Orc:2    | Killed an orc knight
 11486 | Orc:2    | Noticed an orc knight
 11517 | Orc:2    | Killed an orc knight
 11528 | Orc:2    | Found a roughly hewn altar of Beogh.
 11593 | Orc:2    | Noticed an orc knight
 11609 | Orc:2    | Killed an orc knight
 12044 | Orc:2    | Noticed an orc sorcerer
 12044 | Orc:2    | Noticed an orc knight
 12048 | Orc:2    | Noticed a sun demon
 12067 | Orc:2    | HP: 2/107 [orc sorcerer/bolt of fire[an orc knight] (12)]
 12069 | Orc:2    | Killed from afar by an orc sorcerer

Vault maps used:
D:1:      giann_bridges, roderic_serpentine_path
D:2:      nemelex_xobeh_ov_fountains_minmay, first_ration,
          hangedman_abyss_or_decor_stabs, minmay_pentomino_v4
D:3:      minmay_rat_hole
D:5:      nicolae_ossuary_entry_plus, uniq_pikel
D:6:      cheibrodos_fzero, minmay_temple_entry_statues_pillars,
          okawaru_metal_pillars_3
D:7:      lemuel_ice_statue, minmay_misc_feat_x, uniq_menkaure
D:8:      minmay_the_grid_octo_tiled_octocenter, serial_shops,
          nicolae_shop_overgrown_old_shop, the_bakery, lemuel_another_geyser,
          uniq_prince_ribbit1
D:9:      serial_shops, kennysheep_little_box
D:10:     erik_orc_3, serial_shops, shop
Temple:   roderic_octagonal_lattice_temple
Orc:1:    serial_shops, nicolae_shop_trees, shop
Orc:2:    st_orc_town
Ossuary:  ossuary_minmay_chase

Skill      XL: |  1  2  3  4  5  6  7  8  9 10 11 |
---------------+----------------------------------+-----
Maces & Flails | 3 4 |  4.3
Axes           | 2 4 6 8 11 13 14 | 14.0
Fighting       | 7 10 13 | 13.1
Shields        | 7 9 11 | 11.5
Armour         | |  3.6

Action                   |  1- 3 |  4- 6 |  7- 9 | 10-12 || total
-------------------------+-------+-------+-------+-------++-------
Melee: Flail             |    71 |       |       |       ||    71
       Headbutt          |    13 |    20 |    38 |    86 ||   157
       Hand axe          |    40 |   159 |   250 |   274 ||   723
       War axe           |       |       |       |   182 ||   182
Invok: Lesser Servant of |       |       |       |     1 ||     1
       Major Destruction |       |       |       |     1 ||     1
 Abil: Stop Flying       |       |       |     1 |       ||     1
       Evoke Flight      |       |       |     1 |       ||     1
Evoke: Wand              |       |       |    13 |     1 ||    14
  Use: Scroll            |     2 |     6 |    12 |     7 ||    27
       Potion            |       |     2 |     5 |    11 ||    18
  Eat: Chunk             |     2 |     5 |     2 |     1 ||    10
       Ration            |       |     2 |     3 |     4 ||     9
Armor: Scale mail        |    34 |    52 |    28 |       ||   114
       Chain mail        |       |       |    18 |    42 ||    60
       Plate armour      |       |       |       |    37 ||    37
       Skin              |       |       |       |     2 ||     2
Dodge: Dodged            |    25 |    21 |    34 |    34 ||   114
Block: Shield            |    61 |    84 |   104 |   235 ||   484
       Reflection        |       |     6 |     4 |     7 ||    17

Table legend:
 A = Spawn XP
 B = Non-spawn XP
 C = Spawn XP percentage of total XP
 D = Spawn monster count
 E = Non-spawn monster count
 F = Spawn count percentage of total count
 G = Total turns spent on level
                    A         B        C        D         E        F      G
               +---------+---------+-------+---------+---------+-------+---------
         Total |       0 |   19302 |   0.0 |       0 |     344 |   0.0 | 12069
               +---------+---------+-------+---------+---------+-------+---------
           D:1 |       0 |      35 |   0.0 |       0 |      19 |   0.0 |   684
           D:2 |       0 |      64 |   0.0 |       0 |      25 |   0.0 |  1061
           D:3 |       0 |     333 |   0.0 |       0 |      52 |   0.0 |  1295
           D:4 |       0 |     424 |   0.0 |       0 |      24 |   0.0 |  1878
           D:5 |       0 |    1146 |   0.0 |       0 |      19 |   0.0 |   649
           D:6 |       0 |    1537 |   0.0 |       0 |      26 |   0.0 |  1104
           D:7 |       0 |    1586 |   0.0 |       0 |      14 |   0.0 |  1651
           D:8 |       0 |    5961 |   0.0 |       0 |      42 |   0.0 |   805
           D:9 |       0 |    2788 |   0.0 |       0 |      40 |   0.0 |   821
          D:10 |       0 |     848 |   0.0 |       0 |      21 |   0.0 |   326
         Orc:1 |       0 |     170 |   0.0 |       0 |       1 |   0.0 |    55
         Orc:2 |       0 |    4314 |   0.0 |       0 |      40 |   0.0 |  1001
       Ossuary |       0 |      96 |   0.0 |       0 |      21 |   0.0 |   385
               +---------+---------+-------+---------+---------+-------+---------
